 Dungeon Crawl Stone Soup version 0.28-a0-1184-g53156a8862 (webtiles) character file.

Game seed: 13722443366310299866

10 ytrimaz the Insei (level 2, 0/18 HPs)
             Began as an Octopode Transmuter on Dec 17, 2021.
             Slain by a kobold (1 damage)
             ... on level 1 of the Dungeon.
             The game lasted 00:01:14 (422 turns).

ytrimaz the Insei (Octopode Transmuter)              Turns: 422, Time: 00:01:14

Health: 0/18       AC:  1    Str:  9    XL:     2   Next: 20%
Magic:  4/5        EV: 13    Int: 15    God:
Gold:   20         SH:  0    Dex: 12    Spells: 4/5 levels left

rFire   . . .      SeeInvis .     - Unarmed
rCold   . . .      Faith    .   (no shield)
rNeg    . . .      Spirit   .   (helmet currently unavailable)
rPois   .          Reflect  .   (no amulet)
rElec   .          Harm     .   b - ring of willpower
rCorr   .          Rampage  .   (no ring)
Will    +....                   (no ring)
Stlth   ++........              (no ring)
HPRegen 0.06/turn               (no ring)
MPRegen 0.09/turn               (no ring)
                                (no ring)
                                (no ring)

@: appendages (expiring)
A: tentacle spike 3, almost no armour, amphibious, 8 rings, camouflage 1,
gelatinous body 1, (nimble swimmer 1), tentacles
a: End Transformation


You were on level 1 of the Dungeon.
One of your tentacles had grown a beastly spike.
You visited 1 branch of the dungeon, and saw 1 of its levels.

You collected 20 gold pieces.

Inventory:

Jewellery
 b - a ring of willpower (left tentacle)
Scrolls
 a - a scroll of holy word {unknown}


   Skills:
 * Level 1.2 Fighting
 - Level 2.0 Dodging
 + Level 3.2 Unarmed Combat
 * Level 2.2 Spellcasting
 * Level 2.1 Transmutations


You had 4 spell levels left.
You knew the following spells:

 Your Spells              Type           Power      Damage    Failure   Level
a - Beastly Appendage     Tmut           16%        N/A       9%          1

Your spell library contained the following spells:

 Spells                   Type           Power      Damage    Failure   Level
 Wereblood                Tmut           8%         N/A       14%         2
 Apportation              Tloc           2%         N/A       22%         1
 Spider Form              Tmut/Pois      4%         N/A       38%         3
 Ice Form                 Ice/Tmut       4%         N/A       80%         4
 Blade Hands              Tmut           4%         N/A       94%         5
 Alistair's Intoxication  Tmut/Pois      2%         N/A       98%         5
 Irradiate                Conj/Tmut      2%         3d14      98%         5
 Dragon Form              Tmut           4%         N/A       100%        7


Dungeon Overview and Level Annotations

Branches:
Dungeon (1/15)

Altars:

Shops:
D:1 *


Innate Abilities, Weirdness & Mutations

One of your tentacles has grown a beastly spike.
You cannot wear most types of armour.
You are amphibious.
You can wear up to eight rings at the same time.
Your skin changes colour to match your surroundings (Stealth+).
Your rubbery body absorbs attacks. (AC +1, EV +1)
((You are camouflaged near water. (Stealth+)))
You have tentacles for arms and can constrict up to eight enemies at once.


Message History

You kill the kobold!
The kobold hits the plant with a +0 whip.
The kobold hits the bush but does no damage.
You barely miss the kobold. You grab the kobold. You constrict the kobold.
The kobold hits you with a +0 dagger.
The kobold hits the plant with a +0 whip.
The kobold completely misses the plant.
The kobold hits the bush with a +0 dagger.
You tentacle-slap the kobold but do no damage.
The kobold is moderately wounded.
You constrict the kobold. The kobold hits you with a +0 dagger.
The kobold hits the bush but does no damage.
The kobold hits the plant with a +0 whip.
You are too injured to fight recklessly!
You are too injured to fight recklessly!
You tentacle-slap the kobold.
You kill the kobold!
A nearby plant withers and dies.
The kobold throws a stone.
The stone closely misses you.
The kobold throws a stone.
The stone misses you.
The kobold throws a stone.
The stone barely misses you.
You are too injured to fight recklessly!
Your transformation is almost over.
The kobold hits you with a +0 dagger. The kobold closely misses you.
The kobold hits you with a +0 whip.
* * * LOW HITPOINT WARNING * * *
Items here: )) ††.
You tentacle-slap the kobold.
You kill the kobold!
The kobold barely misses you. The kobold hits you with a +0 whip.
* * * LOW HITPOINT WARNING * * *
Unknown command.
Unknown command.
The kobold barely misses you. The kobold closely misses you.
Things that are here:
a +0 whip; a stone; a kobold corpse Unknown command.
You closely miss the kobold. Your grab misses the kobold.
Your tentacle spike misses the kobold.
A nearby plant withers and dies.
The kobold hits you with a +0 dagger.
You die...

# #.......#
########..#....#
......... #....#
........
###..#########
## #
#.............
†##.#
#.....!######
..#.#
#..#####.###
....# ###
♣P.)PP♣ ..###
#PK@K# .##
♣P.....P♣ .#
♣.......♣ .#
#P...§...♣ .#
#♣≈......P# ###
♣P.....P♣# #.###
# # ...
♣PP...PP♣ #.#..
.#. ###
#..###PP♣ #.#.#
#.# . #.#.# #.#


You could see 2 kobolds.

Vanquished Creatures
  A ball python (D:1)
  A bat (D:1)
  2 endoplasms (D:1)
  2 frilled lizards (D:1)
  4 kobolds (D:1)
10 creatures vanquished.

Vanquished Creatures (others)
  5 plants (D:1)
5 creatures vanquished.

Grand Total: 15 creatures vanquished

Notes
Turn   | Place    | Note
-------+----------+-------------------------------------------
     0 | D:1      | ytrimaz the Octopode Transmuter began the quest for the
                  | Orb.
     0 | D:1      | Reached XP level 1. HP: 13/13 MP: 3/3
   339 | D:1      | Found Isanot's General Store.
   346 | D:1      | Reached XP level 2. HP: 14/18 MP: 3/5
   422 | D:1      | Slain by a kobold

Illustrated notes

Levels and vault maps discovered:
D:1:      scummos_arrival_hexagon, layout_loops_ring,
          chequers_ecumenical_altar_simple_redux, serial_shops, shop,
          lexackson_kobold_supper

Action                   || total
-------------------------++-------
Melee: Unarmed           ||    24
       Constrict         ||     5
       Kick              ||     4
       Tentacles         ||     1
 Cast: Beastly Appendage ||     8
 Stab: Sleeping          ||     1
Armor: Skin              ||     2
Dodge: Dodged            ||    30

Table legend: (Time is in decaauts)
 A = Elapsed time spent in this place.
 B = Non-inter-level travel time spent in this place.
 C = Inter-level travel time spent in this place.
 D = Time resting spent in this place.
 E = Time spent auto-exploring this place.
 F = Levels seen in this place.
 G = Mean time per level.
                   A        B        C        D        E       F      G
               +--------+--------+--------+--------+--------+-----+--------+
         Total |    419 |    419 |      0 |      0 |    327 |   1 |  419.0 |
       Dungeon |    419 |    419 |      0 |      0 |    327 |   1 |  419.0 |
               +--------+--------+--------+--------+--------+-----+--------+

Top non-repeatable levels by time:
     D:1: 419 daAuts
